 Dungeon Crawl Stone Soup version 0.31-a0-466-g98c9adc2b6 (webtiles) character file.

Game seed: 4355052434711520868

269748 Ofeo the Brawler (level 19, -4/192 (198) HPs)
             Began as a Troll Shapeshifter on Aug 5, 2023.
             Was the Champion of Wu Jian.
             Killed from afar by a tengu reaver (30 damage)
             ... with a bolt of poison
             ... on level 2 of the Vaults.
             The game lasted 01:18:18 (41556 turns).

Ofeo the Brawler (Troll Shapeshifter)              Turns: 41556, Time: 01:18:19

HP:   -4/192 (198)  AC:  9    Str: 34    XL:     19   Next: 41%
MP:   18/18         EV: 13    Int:  4    God:    Wu Jian [******]
Gold: 1565          SH: 24    Dex: 10    Spells: 18/18 levels left

rFire   + .          .
                       - Unarmed
rCold   + . .        e - +2 tower shield {AC+3}
rNeg    + . .        t - melded +4 ice dragon scales
rPois   .            (helmet restricted)
rElec   .            b - scarf {rC+ rF+}
rCorr   .            (gloves unavailable)
SInv    .            (boots unavailable)
Will    +....        l - amulet of reflection
Stlth   +            Z - ring of Modesty {rN+ Slay+5}
HPRegen 1.32/turn    X - +4 ring of protection
MPRegen 0.16/turn

%: reflection
@: lethally poisoned (-4 -> -19), exhausted, maw-form, studying 2 skills,
lightly drained
A: devouring maw, large, unfitting armour, claws 3, regeneration 1, shaggy fur
1, tough skin 1
}: 2/15 runes: serpentine, barnacled
a: Begin Untransformation, Renounce Religion, Wall Jump, Serpent's Lash,
Heavenly Storm


You were on level 2 of the Vaults.
You worshipped Wu Jian.
Wu Jian was exalted by your worship.
You were a creature with a mouth for a stomach.
You visited 7 branches of the dungeon, and saw 33 of its levels.
You also visited: Bailey, Ice Cave and Wizlab.

You collected 3959 gold pieces.
You spent 2394 gold pieces at shops.

Inventory:

Missiles
 i - 5 datura-tipped darts
 p - 49 poisoned darts
 v - 9 javelins (quivered)
 D - 2 throwing nets
 J - 23 large rocks
 Q - 7 silver javelins
Armour
 b - a scarf of resistance (worn)
 e - a +2 tower shield of protection (worn)
 t - +4 ice dragon scales (melded)
Jewellery
 l - an amulet of reflection (around neck)
 x - the ring of the Clam {rElec rN+ Dex+6}
   (You found it on level 1 of the Vaults)

   [ring of positive energy]

   Dex:       It affects your dexterity (+6).
   rElec:     It insulates you from electricity.
   rN:        It protects you from negative energy.
 T - a ring of poison resistance
 X - a +4 ring of protection (right claw)
 Z - the ring of Modesty (left claw) {rN+ Slay+5}
   (You bought it in a shop on level 5 of the Dungeon)

   [ring of positive energy]

   Slay:      It affects your accuracy & damage with ranged weapons and melee
   (+5).
   rN:        It protects you from negative energy.
Talismans
 c - a beast talisman
 y - a maw talisman (active)
Wands
 n - a wand of paralysis (7)
 A - a wand of acid (8) {@v2}
 E - a wand of mindburst (2)
 I - a wand of flame (7)
 N - a wand of digging (6) {@v1}
 P - a wand of roots (2)
Scrolls
 f - 4 scrolls of immolation
 g - 9 scrolls of teleportation {@r3}
 o - 5 scrolls of fear
 s - a scroll of amnesia
 z - 3 scrolls of blinking {@r4}
 H - a scroll of enchant armour
 L - 3 scrolls of fog
 M - 2 scrolls of revelation
 U - a scroll of silence
 Y - 2 scrolls of vulnerability
Potions
 d - a potion of enlightenment
 j - 2 potions of brilliance
 q - 9 potions of curing {@q1}
 r - 6 potions of mutation
 u - 2 potions of attraction
 B - 3 potions of berserk rage
 F - 6 potions of lignification
 G - 3 potions of ambrosia
 K - 3 potions of invisibility
 O - a potion of resistance {@q6}
 R - a potion of magic
 S - a potion of cancellation
 W - a potion of might {@q4}
Miscellaneous
 a - a phial of floods
 k - a tin of tremorstones (2/2)
 m - a phantom mirror
 w - a sack of spiders
 C - a lightning rod (4/4)


   Skills:
 + Level 14.7 Fighting
 + Level 8.9 Throwing
 + Level 13.2 Dodging
 + Level 13.7 Shields
 + Level 17.3 Unarmed Combat
 + Level 6.3 Evocations
 + Level 12.3 Shapeshifting


You had 18 spell levels left.
You didn't know any spells.
Your spell library contained the following spells:

 Spells                   Type           Power      Damage    Failure   Level
 Magic Dart               Conj           0%         1d3       75%         1
 Necrotise                Necr           0%         1d4       75%         1
 Call Imp                 Summ           0%         N/A       87%         2
 Cigotuvi's Dreadful Rot  Necr/Pois/Air  0%         N/A       87%         2
 Ensorcelled Hibernation  Hex/Ice        0%         N/A       87%         2
 Lesser Beckoning         Tloc           0%         N/A       87%         2
 Poisonous Vapours        Pois/Air       0%         N/A       87%         2
 Wereblood                Tmut           0%         N/A       87%         2
 Dazzling Flash           Conj/Hex       0%         N/A       98%         3
 Frozen Ramparts          Ice            0%         1d1       98%         3
 Gell's Gravitas          Tloc           0%         N/A       98%         3
 Hailstorm                Conj/Ice       0%         3d3       98%         3
 Ignite Poison            Fire/Tmut/Pois 0%         N/A       98%         3
 Mephitic Cloud           Conj/Pois/Air  0%         N/A       98%         3
 Summon Guardian Golem    Hex/Summ       0%         N/A       98%         3
 Teleport Other           Tloc           0%         N/A       98%         3
 Vhi's Electric Charge    Tloc/Air       0%         N/A       98%         3
 Volatile Blastmotes      Fire/Tloc      0%         2d10      98%         3
 Anguish                  Hex/Necr       0%         N/A       100%        4
 Dispel Undead            Necr           0%         3d6       100%        4
 Fulminant Prism          Conj/Hex       0%         3d5       100%        4
 Iskenderun's Mystic Bla  Conj/Tloc      0%         2d3       100%        4
 Manifold Assault         Tloc           0%         N/A       100%        4
 Passage of Golubria      Tloc           0%         N/A       100%        4
 Petrify                  Tmut/Erth      0%         N/A       100%        4
 Sticky Flame             Conj/Fire      0%         2d3       100%        4
 Summon Ice Beast         Ice/Summ       0%         N/A       100%        4
 Agony                    Necr           0%         N/A       100%        5
 Arcjolt                  Conj/Air       0%         1d10      100%        5
 Freezing Cloud           Conj/Ice/Air   0%         6-21      100%        5
 Irradiate                Conj/Tmut      0%         3d11      100%        5
 Iskenderun's Battlesphe  Conj           0%         2d6       100%        5
 Metabolic Englaciation   Hex/Ice        0%         N/A       100%        5
 Silence                  Hex/Air        0%         N/A       100%        5
 Summon Forest            Summ/Tloc      0%         N/A       100%        5
 Summon Mana Viper        Hex/Summ       0%         N/A       100%        5
 Death Channel            Necr           0%         N/A       100%        6
 Dispersal                Tloc           0%         N/A       100%        6
 Leda's Unmaking          Conj/Erth      0%         9d1       100%        6
 Plasma Beam              Fire/Air       0%         2x1d10    100%        6
 Simulacrum               Ice/Necr       0%         N/A       100%        6
 Summon Cactus Giant      Summ           0%         N/A       100%        6
 Monstrous Menagerie      Summ           0%         N/A       100%        7
 Orb of Destruction       Conj           0%         9d5       100%        7
 Spellforged Servitor     Conj/Summ      0%         N/A       100%        7
 Ignition                 Fire           0%         3d3       100%        8
 Lehudib's Crystal Spear  Conj/Erth      0%         10d2      100%        8
 Maxwell's Capacitive Co  Air            0%         ∞         100%        8


Dungeon Overview and Level Annotations

Branches:
Dungeon (15/15)            Temple (1/1) D:7            Lair (5/5) D:11
 Shoals (4/4) Lair:2        Snake (4/4) Lair:2        Slime (0/5) Lair:4
    Orc (2/2) D:11            Elf (0/3) Orc:2        Vaults (2/5) D:14
 Depths (0/4) D:15         Bailey (visited)           IceCv (visited)
 WizLab (visited)
  Crypt: Vaults:2-3

Altars:
Ashenzari
Cheibriados
Dithmenos
Elyvilon
Fedhas
Gozag
Hepliaklqana
Kikubaaqudgha
Makhleb
Nemelex Xobeh
Okawaru
Qazlal
Ru
Sif Muna
Trog
Uskayaw
Vehumet
Wu Jian
Xom
Yredelemnul
Zin
The Shining One
Jiyva

Shops:
D:3 :??   D:5 =   D:6 =   D:7 (   D:14 (   Orc:2 (?[=   Snake:2 :   Snake:3 *
Snake:4 !

Portals:
Hell: Lair:5
Abyss: Lair:1

Annotations:
D:3 2 transporters, randomguy2701's ghost, amateur HOFi
Lair:1 2 transporters, Lorrdernie's ghost, novice TrBe
Snake:1 2 transporters, lessens's ghost, journeyman DsFi
Snake:2 3 runed translucent doors, Kacetewk's ghost, adept MiBe


Innate Abilities, Weirdness & Mutations

You are a creature with a mouth for a stomach.
Your midsection houses a second, enormous mouth.
You are too large for most types of armour.
You have claws for hands.
Your natural rate of healing is unusually fast.
You are covered in fur. (AC +1)
You have tough skin. (AC +1)


Message History

The tengu reaver gestures at you while chanting.
The bolt of negative energy hits you!! You partially resist.
You feel drained.
* * * LOW HITPOINT WARNING * * *
You block the redback's attack.
Electricity crackles from the ironbound thunderhulk's apparatus.
The bolt of lightning hits you!!
* * * LOW HITPOINT WARNING * * *
You take 33 damage, and have 12/192 hp.
Okay, then.
Your muscles tense, ready for explosive movement...
An entropy weaver comes into view.
You spin and attack the tengu reaver, with incredible momentum.
The tengu reaver blocks your attack.
The tengu reaver is severely wounded.
You spin and attack the redback, with incredible momentum.
The entropy weaver shouts!
You claw the redback! You bite the redback!
You devour the redback!
You feel better.
You kill the redback!
The Council accepts your kill.
Things that are here:
a +0 great mace; a +0 leather armour You regained 12 hp, and now have 24/192 hp.
You spin and attack the tengu reaver repeatedly, with incredible momentum.
The tengu reaver blocks your attack.
The tengu reaver is severely wounded.
You claw the tengu reaver! Your bite misses the tengu reaver.
The tengu reaver is severely wounded.
Your supernatural speed expires.
Things that are here:
a +0 battleaxe; a +0 chain mail; a human corpse
As you read the scroll of fear, it crumbles to dust.
You assume a fearsome visage.
The vault warden resists with almost no effort.
The ironbound thunderhulk looks frightened!
The tengu reaver looks frightened!
The tengu reaver casts a spell at you. The bolt of poison hits you!!
You are poisoned.
You die...

###########################******
...........................,,,,,,
...........................,,,,,,
...........................,,,,,,
............#######'##.....,,,,,,
............#........#,,...,,,,,,
............#........#,,,,.,,,,,,
*#####....####≈#++#≈##*,,,,,*****
,,+,,#....#**#*#W○###**,,,,,*,,,,
,,*,,#.####*~~~#)Q#~~~*,,,,,*,,,,
***,,#.#,,**~,,#'p#,,~*,,,,,*,,,,
,,*,,#.#,,~*~,~.O..~,~*,,,,,+,,,,
,,+,,#)#,,****.8..8~~**,,,,,*,,,,
,,*,,#)#,,+~~'..~~.≈≈**,,,,,*,,,,
***,,#)#,,+~B'..~~.≈≈#*,,,*******
,,*,,#)#,,*###.8..8~≈#*,,,*,,***,
,,+,,#)#,,~*~,~,,,,~,~*,,,*,,+,*,


You could see a vault warden, an ironbound thunderhulk (fleeing) and a tengu
reaver (fleeing).

Vanquished Creatures
  An ancient lich (WizLab)
  Mlioglotl (Snake:2)
  An ancient champion (WizLab)
  3 sphinxes (Shoals:4)
  Agnes (D:15)
  2 nagarajas (Snake:4)
  2 tengu reavers
  6 vault wardens
  An orc warlord (Bailey)
  A stone giant (D:15)
  3 ironbound thunderhulks
  5 ironbound preservers
  A white draconian (IceCv)
  4 dire elephants (Vaults:1)
  An ettin (D:13)
  An entropy weaver (Vaults:2)
  2 merfolk javelineers (Shoals:1)
  4 merfolk impalers
  4 yaktaur captains
  A great orb of eyes (Vaults:1)
  A hell beast (Lair:5)
  2 salamander tyrants (Snake:4)
  2 hydras
  5 vault guards
  3 ironbound frosthearts (Vaults:1)
  15 anacondas
  6 centaur warriors
  3 alligator snapping turtles
  3 two-headed ogres
  3 merfolk avatars
  13 naga warriors
  9 satyrs (Shoals:4)
  2 merfolk aquamancers (Shoals:4)
  A death yak (Lair:5)
  7 boulder beetles
  An orc high priest (Orc:1)
  Urug (Lair:1)
  4 tengu warriors
  8 naga sharpshooters
  14 shock serpents
  3 skysharks
  15 skeletal warriors
  3 salamander mystics (Snake:4)
  12 naga ritualists
  11 sea snakes
  2 wizards
  17 deep trolls
  7 ironbound convokers
  12 lindwurms
  9 harpies
  3 deep elf pyromancers
  15 mana vipers
  4 orc knights
  19 manticores
  An orc sorcerer (Orc:2)
  10 ugly things
  20 fauns
  18 salamanders
  5 cyclopes
  25 elephants
  20 naga magi
  34 black mambas
  3 water nymphs
  7 merfolk sirens
  8 guardian serpents
  2 ice statues (IceCv)
  A gargoyle (D:13)
  A smoke demon (Lair:5)
  6 vault sentinels
  A torpor snail (Lair:5)
  2 orange demons (Lair:5)
  13 cane toads
  3 kobold demonologists
  14 rime drakes
  14 komodo dragons
  18 yaktaurs
  2 tengu conjurers
  An efreet (D:15)
  2 red devils (Lair:5)
  An ice devil (Lair:5)
  5 trolls
  21 merfolk
  A polar bear (Lair:3)
  5 wind drakes
  A burning bush (Lair:3)
  5 dream sheep (Lair:5)
  16 blink frogs
  10 snapping turtles
  13 slime creatures
  A spriggan (shapeshifter) (D:14)
  5 vampires
  Sigmund (D:2)
  4 wyverns
  9 water elementals
  A wraith (D:11)
  54 yaks
  A steam dragon (D:7)
  16 vampire mosquitoes
  5 basilisks
  4 redbacks (Vaults:2)
  A warg (D:15)
  46 nagas
  4 two-headed ogre zombies (WizLab)
  2 acid dragons
  18 water moccasins
  5 hell hounds (Lair:5)
  36 orc warriors
  A black bear (Lair:2)
  4 ice beasts
  22 wolves
  7 ogres
  23 centaurs
  2 phantoms
  3 kobold brigands
  Blork the orc (D:5)
  17 bullfrogs
  2 scorpions
  A gnoll sergeant (D:10)
  13 wights
  7 troll zombies (WizLab)
  2 lindwurm simulacra (IceCv)
  3 killer bees (D:10)
  4 electric eels
  9 howler monkeys
  8 komodo dragon simulacra (IceCv)
  5 hounds
  10 jellies
  10 orc priests
  A gnoll bouda (D:5)
  2 iguanas (D:7)
  3 sleepcaps
  8 orc wizards
  7 ogre zombies (WizLab)
  10 gnolls
  6 acid dragon simulacra (IceCv)
  8 adders
  2 white imps
  2 ufetubi
  5 steam dragon simulacra (IceCv)
  A worm (D:2)
  4 dart slugs
  70 orcs
  6 endoplasms
  2 giant cockroaches
  9 hobgoblins
  2 jackals (D:4)
  4 quokkas
  2 ball pythons
  A bat (D:2)
  3 frilled lizards
  15 goblins
  23 kobolds
  11 rats
1163 creatures vanquished.

Vanquished Creatures (collateral kills)
  A minotaur (Shoals:4)
  A water nymph (Shoals:4)
  3 merfolk (Shoals:4)
5 creatures vanquished.

Vanquished Creatures (others)
  A merfolk aquamancer (Shoals:2)
  A mana viper (Snake:4)
  A manticore (Shoals:1)
  A naga (Snake:4)
  A worm (D:3)
  A jackal (D:4)
6 creatures vanquished.

Grand Total: 1174 creatures vanquished

Notes
Turn   | Place    | Note
-------+----------+-------------------------------------------
     0 | D:1      | Ofeo the Troll Shapeshifter began the quest for the Orb.
     0 | D:1      | Reached XP level 1. HP: 18/18 MP: 0/0
    68 | D:1      | Found a faded altar of an unknown god.
   158 | D:1      | Reached skill level 1 in Fighting
   247 | D:1      | Reached XP level 2. HP: 27/27 MP: 1/1
  1517 | D:2      | Reached XP level 3. HP: 29/33 MP: 2/2
  1553 | D:2      | Found a shimmering altar of Xom.
  1554 | D:2      | Noticed Sigmund
  1561 | D:2      | Killed Sigmund
  1562 | D:2      | Reached skill level 4 in Unarmed Combat
  1562 | D:2      | Reached XP level 4. HP: 31/42 MP: 3/3
  1562 | D:2      | Reached XP level 5. HP: 36/49 MP: 4/4
  2470 | D:3      | Noticed randomguy2701's ghost (amateur HOFi)
  2604 | D:3      | Found a transporter.
  2718 | D:3      | Found a transporter.
  2892 | D:3      | Found Disacuept's Magic Scroll Boutique.
  2900 | D:3      | Bought a scroll of blinking for 105 gold pieces
  2945 | D:3      | Found Vynlarghi's Book Shop.
  3032 | D:3      | Reached XP level 6. HP: 59/59 MP: 5/5
  3106 | D:3      | Found a sacrificial altar of Ru.
  3202 | D:3      | Found Boraf's Magic Scroll Boutique.
  3211 | D:3      | Bought a scroll of immolation for 40 gold pieces
  3745 | D:4      | Found a radiant altar of Vehumet.
  3785 | D:4      | Found a shimmering altar of Xom.
  3946 | D:4      | Found a glowing golden altar of the Shining One.
  3983 | D:4      | Found a bloodstained altar of Trog.
  4163 | D:4      | Found a hide-covered altar of Uskayaw.
  4273 | D:4      | Found a large runed translucent door.
  4274 | D:4      | Found a large runed translucent door.
  4568 | D:4      | Found a glowing silver altar of Zin.
  4573 | D:4      | Reached XP level 7. HP: 66/66 MP: 6/6
  4580 | D:4      | Found an ancient bone altar of Kikubaaqudgha.
  4610 | D:5      | Entered Level 5 of the Dungeon
  4860 | D:4      | Reached skill level 1 in Throwing
  4883 | D:5      | Reached skill level 5 in Unarmed Combat
  5444 | D:5      | Reached XP level 8. HP: 70/78 MP: 7/7
  5633 | D:5      | Found a shadowy altar of Dithmenos.
  5683 | D:5      | Found a burning altar of Makhleb.
  5861 | D:5      | Found Laut's One-of-a-Kind Rings.
  5979 | D:6      | Noticed Blork the orc
  5979 | D:6      | Found a stormy altar of Qazlal.
  5988 | D:5      | Killed Blork the orc
  5994 | D:5      | Reached skill level 5 in Shapeshifting
  6329 | D:6      | Reached skill level 6 in Unarmed Combat
  6341 | D:6      | Noticed a troll
  6362 | D:6      | Killed a troll
  6363 | D:6      | Reached XP level 9. HP: 9/85 MP: 8/8
  6546 | D:6      | Found Meabill's Jewellery Boutique.
  6722 | D:6      | You fall into a shaft and drop 2 floors!
  6826 | D:7      | Found a sparkling altar of Nemelex Xobeh.
  6827 | D:7      | Found a basalt altar of Yredelemnul.
  6895 | D:7      | Reached skill level 5 in Dodging
  7252 | D:6      | Reached skill level 5 in Fighting
  7405 | D:7      | Identified the +4 chain mail of Juathesu {Dex+5}
  7555 | D:7      | Found Zuenuhuly's Antique Weapon Shop.
  7618 | D:7      | Found a staircase to the Ecumenical Temple.
  7630 | Temple   | Entered the Ecumenical Temple
  7650 | Temple   | Became a worshipper of the Wu Jian Council
  7746 | D:7      | Reached skill level 7 in Unarmed Combat
  8014 | D:8      | Identified a scroll of acquirement
  8014 | D:8      | Acquired +2 ice dragon scales
  8574 | D:9      | Found an opulent altar of Gozag.
  8589 | D:9      | Reached * piety under Wu Jian
  8634 | D:9      | Reached XP level 10. HP: 96/96 MP: 9/9
  8640 | D:9      | Reached skill level 5 in Throwing
  8733 | D:9      | Found a snail-covered altar of Cheibriados.
  8776 | D:9      | Identified the +1 scale mail of the Dozen Eyes {Str+3}
  8958 | D:9      | Found a flagged portal.
  8975 | D:9      | Reached ** piety under Wu Jian
  8976 | D:9      | Reached skill level 8 in Unarmed Combat
  8998 | Bailey   | Entered a bailey
  9003 | Bailey   | Noticed an orc warlord
  9091 | Bailey   | Found a runed translucent gate.
  9091 | Bailey   | Found a runed translucent gate.
  9091 | Bailey   | Found a runed translucent gate.
  9381 | Bailey   | Killed an orc warlord
  9421 | Bailey   | Reached skill level 10 in Shapeshifting
  9421 | Bailey   | Reached XP level 11. HP: 107/107 MP: 10/10
  9937 | D:10     | Entered Level 10 of the Dungeon
  9937 | D:10     | Found an iron altar of Okawaru.
 10033 | D:10     | Noticed a two-headed ogre
 10038 | D:10     | Killed a two-headed ogre
 10475 | D:10     | Reached XP level 12. HP: 112/115 MP: 11/11
 11123 | D:11     | Noticed a two-headed ogre
 11123 | D:11     | Found a frozen archway.
 11130 | D:11     | Killed a two-headed ogre
 11138 | D:11     | Reached *** piety under Wu Jian
 11139 | D:11     | Reached skill level 9 in Unarmed Combat
 11146 | IceCv    | Entered an ice cave
 11514 | IceCv    | Noticed a white draconian
 11527 | IceCv    | Killed a white draconian
 11802 | D:11     | Reached **** piety under Wu Jian
 11838 | D:11     | Found a staircase to the Lair.
 11870 | D:11     | Reached skill level 1 in Shields
 12021 | D:11     | Found a staircase to the Orcish Mines.
 12346 | D:11     | Noticed a boulder beetle
 12355 | D:11     | Killed a boulder beetle
 12448 | D:11     | Reached skill level 10 in Unarmed Combat
 12551 | D:11     | Noticed a boulder beetle
 12563 | D:11     | Killed a boulder beetle
 12990 | D:11     | Noticed a boulder beetle
 13005 | D:11     | Killed a boulder beetle
 13266 | Lair:1   | Entered Level 1 of the Lair of Beasts
 13405 | Lair:1   | Reached XP level 13. HP: 87/128 MP: 6/12
 13407 | Lair:1   | Noticed Urug
 13434 | Lair:1   | Killed Urug
 14045 | Lair:1   | Noticed Lorrdernie's ghost (novice TrBe)
 14203 | Lair:1   | Found a transporter.
 14253 | Lair:1   | Found a transporter.
 14256 | Lair:1   | Found a one-way gate to the infinite horrors of the Abyss.
 14596 | D:5      | Bought the ring of Modesty {rN+ Slay+5} for 528 gold pieces
 14954 | Lair:2   | Found a staircase to the Snake Pit.
 15359 | Lair:2   | Found a staircase to the Shoals.
 15365 | Lair:2   | Reached skill level 11 in Unarmed Combat
 15515 | Lair:2   | Reached skill level 5 in Shields
 16571 | Lair:3   | Reached ***** piety under Wu Jian
 17562 | Lair:4   | Reached XP level 14. HP: 132/141 MP: 10/13
 17567 | Lair:4   | Reached skill level 12 in Unarmed Combat
 17657 | Lair:4   | Reached skill level 10 in Fighting
 17758 | Lair:4   | Found a staircase to the Slime Pits.
 17766 | Lair:4   | Found a viscous altar of Jiyva.
 18424 | Lair:5   | Entered Level 5 of the Lair of Beasts
 19719 | Lair:5   | Reached skill level 13 in Unarmed Combat
 19838 | Lair:5   | Found a burning altar of Makhleb.
 19941 | Lair:5   | Reached ****** piety under Wu Jian
 20324 | Lair:5   | Found a gateway to Hell.
 20332 | Lair:5   | Identified the +1 leather armour "Heloq" {Harm Regen+ Str-3
                  | Int+2}
 20868 | Orc:1    | Entered Level 1 of the Orcish Mines
 21304 | Orc:2    | Entered Level 2 of the Orcish Mines
 21386 | Orc:2    | Found a staircase to the Elven Halls.
 21825 | Orc:2    | Found Giehaulumn's Magic Scroll Shoppe.
 21825 | Orc:2    | Found Kejiad's Armour Boutique.
 21827 | Orc:2    | Found Inophioth's Jewellery Shop.
 21835 | Orc:2    | Found Ewnouseroib's Antique Weapon Emporium.
 21845 | Orc:2    | Bought a scroll of fear for 40 gold pieces
 21945 | Orc:2    | Reached XP level 15. HP: 134/154 MP: 14/14
 23936 | D:13     | Reached skill level 14 in Unarmed Combat
 24666 | D:14     | Reached skill level 10 in Shields
 24802 | D:14     | Found Wurach's Weapon Emporium.
 25416 | D:14     | Found a gate to the Vaults.
 25733 | D:15     | Entered Level 15 of the Dungeon
 25775 | D:15     | Noticed Agnes
 25785 | D:15     | Killed Agnes
 26532 | D:15     | Found a broken altar of Ashenzari.
 26907 | D:15     | Found a staircase to the Depths.
 27072 | Snake:1  | Entered Level 1 of the Snake Pit
 27266 | Snake:1  | Found a transporter.
 27268 | Snake:1  | Found a transporter.
 27268 | Snake:1  | Noticed lessens's ghost (journeyman DsFi)
 27345 | Snake:1  | Reached skill level 15 in Unarmed Combat
 27488 | Snake:1  | Reached XP level 16. HP: 156/167 MP: 15/15
 28506 | Snake:2  | Noticed Mlioglotl
 28797 | Snake:2  | Found a runed translucent gate.
 28797 | Snake:2  | Found a runed translucent gate.
 28797 | Snake:2  | Found a runed translucent gate.
 28802 | Snake:2  | Noticed Kacetewk's ghost (adept MiBe)
 28962 | Snake:2  | Killed Mlioglotl
 29163 | Snake:2  | Reached skill level 1 in Evocations
 29653 | Snake:2  | Found Moacs's Self-Improvement Boutique.
 31170 | Snake:3  | Found Etwahob's Assorted Antiques.
 31178 | Snake:3  | Bought a scroll labelled LEAHOA VYTED for 41 gold pieces
 31702 | Snake:2  | Bought a manual of Dodging for 1280 gold pieces
 31753 | Snake:4  | Entered Level 4 of the Snake Pit
 31950 | Snake:4  | Reached skill level 10 in Dodging
 32358 | Snake:4  | Reached XP level 17. HP: 176/178 MP: 16/16
 32619 | Snake:4  | Reached skill level 16 in Unarmed Combat
 32919 | Snake:4  | Found Saoll's Distillery.
 32927 | Snake:4  | Bought a potion of curing for 60 gold pieces
 32927 | Snake:4  | Bought 2 potions of heal wounds for 200 gold pieces
 32927 | Snake:4  | Bought a potion of berserk rage for 100 gold pieces
 33760 | Shoals:1 | Entered Level 1 of the Shoals
 36485 | Shoals:4 | Entered Level 4 of the Shoals
 36979 | Shoals:4 | Paralysed by a sphinx for 2 turns
 37050 | Shoals:4 | Reached XP level 18. HP: 189/189 MP: 17/17
 37856 | Shoals:4 | Got the Octavo of Elsewhere and Resurrection
 37941 | Shoals:4 | Got a barnacled rune of Zot
 38348 | Snake:4  | Reached skill level 5 in Evocations
 38994 | Snake:4  | Got a serpentine rune of Zot
 39237 | Vaults:1 | Entered Level 1 of the Vaults
 39655 | Vaults:1 | Reached skill level 17 in Unarmed Combat
 40144 | Vaults:1 | Identified the ring of the Clam {rElec rN+ Dex+6}
 40392 | Vaults:1 | Reached XP level 19. HP: 187/198 MP: 18/18
 40908 | Vaults:2 | Found a magical portal.
 40948 | WizLab   | Entered Zonguldrok's Shrine
 41225 | WizLab   | Noticed an antique lich
 41234 | WizLab   | Killed an antique lich
 41240 | WizLab   | Found the +9 sword of Zonguldrok {reap}
 41556 | Vaults:2 | Killed from afar by a tengu reaver

Illustrated notes

Levels and vault maps discovered:
D:1:      scummos_arrival_simple_fountains, layout_basic,
          hellmonk_ecumenical_altar_run_dry
D:2:      layout_rooms, basic_altar, uniq_sigmund
D:3:      layout_basic, nicolae_ru_path_of_blood, serial_shops, shop, shop,
          nicolae_shop_statue_plus, gammafunk_ghost_arena, st_stairs_2,
          nrook_campfire
D:4:      layout_basic, general_overflow_altar, mainiacjoe_overflow_boulevard,
          dk_xom_monty_hall, trog_three_pillars_becter,
          nicolae_tso_swordbearing_angel, jmf_multi_god_temple2,
          bh_walls_and_bars
D:5:      layout_cave_pools, mainiacjoe_overflow_surrounded_room,
          makhleb_heckhound_becter, nicolae_shop_unique_rings,
          kennysheep_generic_room_4
D:6:      layout_cave_pools, mainiacjoe_overflow_concentric_impassable,
          serial_shops, shop, uniq_blork_the_orc
D:7:      layout_basic, grunt_temple_overflow_open,
          minmay_temple_entry_proselytizer, serial_shops, shop_fountains,
          minmay_manual_mail
D:8:      layout_basic
D:9:      layout_basic, grunt_gozag_statues, lemuel_doored_altar, enter_bailey_5
D:10:     layout_grid_maze, okawaru_trees_1
D:11:     layout_gridville, grunt_lair_entry_orc_guard_hut, david_orc_3,
          portal_ice_cave_rime
D:12:     layout_cave_pods, serial_column_ruins, column_ruins_square_medium,
          column_ruins_hut_ruined, column_ruins_grid_1,
          column_ruins_corridor_straight, column_ruins_grid_1,
          column_ruins_open_tiny
D:13:     hourglass_vault, layout_irregular_city
D:14:     layout_long_grid, hellmonk_vaults_attempted_burglary, serial_shops,
          nicolae_square_shop, grunt_decor_one_mirror
D:15:     grunt_enter_depths_snipers, layout_cave_pools, minmay_fountain_box,
          ashenzari_altar_1, uniq_agnes
Temple:   nicolae_temple_stand_before_the_council
Lair:1:   layout_misc_corridors, gammafunk_ghost_abyssal_escape,
          infiniplex_staircase_pool, grunt_megastairs_3, serial_bayou_shore_b,
          uniq_urug
Lair:2:   layout_roguey, minmay_shoals_entry_centaurs,
          guppyfry_snake_entry_garden, grunt_megastairs_4, lemuel_fruit_tree
Lair:3:   layout_loops_ring, evilmike_ambush [evilmike_ambush_outer_doors,
          evilmike_ambush_inner_basic]
Lair:4:   layout_regular_city, nicolae_slime_entry_field_trip
Lair:5:   evil_forest, layout_gridlike, minivault_19, serial_bayou_pond_b
Shoals:1: layout_shoals, nicolae_shoals_water_elemental_grotto
Shoals:2: layout_shoals
Shoals:3: layout_shoals
Shoals:4: shoals_end_hellmonk_lost_city
Snake:1:  layout_concentric_octagons, gammafunk_ghost_arena, minmay_snake_pond,
          serial_bayou_shore_a, grunt_megastairs_5
Snake:2:  layout_misc_corridors, gammafunk_ghost_necromancy, st_stairs_4,
          nicolae_shop_self_help, uniq_mlioglotl
Snake:3:  layout_cave_town, serial_shops, nicolae_shop_gibbet_a_chance
Snake:4:  grunt_snake_rune_serpentine_throne, layout_misc_corridors,
          serial_shops, shop
Orc:1:    layout_diamond_mine, nicolae_orc_lava_room
Orc:2:    st_orc_rangers, layout_diamond_mine
Vaults:1: nicolae_vaults_tetromino_T_1, vaults_standard_mumra_enter_the_diamond,
          v_misc_26, nicolae_vaults_surprise_closet_hard,
          vaults_dpeg_encased_lava, vaults_room_corners, vaults_room_boxed,
          nicolae_vaults_apartment_1, hangedman_vaults_river_flow,
          nicolae_vaults_border_crossing, ontoclasm_vaults_loading_screen,
          v_misc_8, layout_vaults_ring
Vaults:2: mu_enter_wizlab_5, ontoclasm_vaults_water_temple, vaults_room_pools,
          vaults_room_semicircle, nicolae_vaults_little_squares_6,
          nicolae_vaults_weapon_check, nicolae_vaults_storage_closets_3,
          nicolae_vaults_little_squares_1, nicolae_vaults_little_squares_5,
          nicolae_vaults_tangram_2, nicolae_vaults_specimen_jars,
          layout_vaults_omnigrid

Skill      XL: |  1  2  3  4  5  6  7  8  9 10 11 12 13 14 15 16 17 18 19 |
---------------+----------------------------------------------------------+-----
Fighting       | 1 2 3 4 5 6 8 9 11 12 13 14 | 14.7
Dodging        | 2 3 4 5 6 8 9 10 11 12 13 | 13.2
Unarmed Combat | 4 5 6 7 8 10 11 13 15 16 17 | 17.3
Shapeshifting  | 4 5 6 10 11 12 | 12.3
Throwing       | 2 3 4 6 7 8 |  8.9
Shields        | 3 6 9 11 12 13 | 13.7
Evocations     | 2 4 5 6 |  6.3

Action                     |  1- 3 |  4- 6 |  7- 9 | 10-12 | 13-15 | 16-18 | 19-21 || total
---------------------------+-------+-------+-------+-------+-------+-------+-------++-------
  Melee: Unarmed           |    38 |    98 |   239 |   417 |  1063 |  1149 |   228 ||  3232
         Punch             |       |     1 |    16 |    25 |    11 |       |       ||    53
         Maw               |       |       |       |     4 |   109 |   252 |    42 ||   407
  Throw: Dart              |       |       |    13 |       |       |       |       ||    13
         Javelin           |       |       |       |     6 |    26 |     6 |       ||    38
         Throwing net      |       |       |       |     2 |     2 |       |       ||     4
         Boomerang         |       |       |       |    10 |     2 |       |       ||    12
         Large rock        |       |       |       |       |       |     4 |       ||     4
 Invoke: Serpent's Lash    |       |       |       |     1 |     8 |    12 |     1 ||    22
Ability: Lunge             |       |       |    14 |    30 |    98 |   131 |    35 ||   308
         Whirlwind         |       |       |       |    36 |   107 |   173 |    46 ||   362
         Wall Jump         |       |       |       |       |       |     1 |       ||     1
  Evoke: Wand              |       |       |     1 |     5 |    14 |     3 |     1 ||    24
         Phial of floods   |       |       |       |       |     2 |     1 |       ||     3
         Phantom mirror    |       |       |       |       |     1 |     2 |       ||     3
    Use: Scroll            |       |     7 |    10 |     3 |     9 |    13 |     2 ||    44
         Potion            |       |     2 |     3 |     2 |     6 |    11 |     4 ||    28
   Stab: Sleeping          |       |     1 |       |       |       |       |       ||     1
         Paralysed         |       |       |     1 |       |     1 |       |       ||     2
         Held in net/web   |       |       |       |     3 |     1 |       |       ||     4
         Distracted        |       |       |       |       |       |     1 |     1 ||     2
 Armour: Animal skin       |     4 |    28 |    51 |       |       |       |       ||    83
         Skin              |       |       |    15 |     2 |    68 |   132 |    18 ||   235
         Troll leather arm |       |       |    18 |       |       |       |       ||    18
         Ice dragon scales |       |       |     9 |   136 |   246 |       |       ||   391
  Dodge: Dodged            |    13 |    48 |   145 |   155 |   412 |   313 |    41 ||  1127
  Block: Kite shield       |       |       |       |       |   631 |   571 |       ||  1202
         Reflection        |       |       |       |       |    96 |   147 |    15 ||   258
         Other             |       |       |       |       |       |     2 |       ||     2
         Tower shield      |       |       |       |       |       |   217 |   150 ||   367
   Form: Maw               |       |       |       |     1 |     1 |       |       ||     2
         Beast             |       |       |       |     1 |       |       |       ||     1

Table legend: (Time is in decaauts)
 A = Elapsed time spent in this place.
 B = Non-inter-level travel time spent in this place.
 C = Inter-level travel time spent in this place.
 D = Time resting spent in this place.
 E = Time spent auto-exploring this place.
 F = Levels seen in this place.
 G = Mean time per level.
                   A        B        C        D        E       F      G
               +--------+--------+--------+--------+--------+-----+--------+
         Total |  41148 |  38004 |   3144 |   6275 |  23405 |  36 | 1143.0 |
       Dungeon |  17784 |  15975 |   1809 |   1697 |  11545 |  15 | 1185.6 |
        Temple |     32 |     10 |     22 |      0 |      8 |   1 |   32.0 |
          Lair |   7308 |   6771 |    537 |   1088 |   4475 |   5 | 1461.6 |
        Shoals |   3937 |   3742 |    195 |    774 |   1977 |   4 |  984.2 |
     Snake Pit |   7388 |   6914 |    474 |   2302 |   3081 |   4 | 1847.0 |
  Orcish Mines |   1517 |   1444 |     73 |    115 |    991 |   2 |  758.5 |
        Vaults |   1899 |   1867 |     32 |    210 |   1101 |   2 |  949.5 |
        Bailey |    407 |    407 |      0 |      0 |     92 |   1 |  407.0 |
      Ice Cave |    515 |    515 |      0 |     55 |     92 |   1 |  515.0 |
        Wizlab |    356 |    356 |      0 |     34 |     43 |   1 |  356.0 |
               +--------+--------+--------+--------+--------+-----+--------+

Top non-repeatable levels by time:
 Snake:3: 2357 daAuts
 Snake:4: 2107 daAuts
  Lair:5: 1915 daAuts
     D:4: 1790 daAuts
    D:11: 1760 daAuts
    D:13: 1697 daAuts
  Lair:1: 1530 daAuts
 Snake:1: 1520 daAuts
     D:1: 1497 daAuts
     D:3: 1410 daAuts
 Snake:2: 1403 daAuts
  Lair:2: 1388 daAuts
Vaults:1: 1361 daAuts
  Lair:4: 1349 daAuts
    D:14: 1292 daAuts
